 Dungeon Crawl Stone Soup version 0.19-a0-1013-g40768a3 (webtiles) character file.

218 Gagarin the Gusty (level 5, -1/29 HPs)
             Began as a Tengu Air Elementalist on July 24, 2016.
             Slain by a phantom (9 damage)
             ... on level 4 of the Dungeon.
             The game lasted 00:08:30 (3403 turns).

Gagarin the Gusty (Tengu Air Elementalist)          Turns: 3403, Time: 00:08:31

Health: -1/29      AC:  4    Str:  8    XL:     5   Next: 95%
Magic:  2/10       EV: 13    Int: 17    God:
Gold:   179        SH:  0    Dex: 14    Spells: 3 memorised, 3 levels left

rFire  . . .     SeeInvis .     f - +0 spear
rCold  . . .     Gourm    .     a - +0 robe
rNeg   . . .     Faith    .     (no shield)
rPois  .         Spirit   .     (helmet restricted)
rElec  .         Dismiss  .     t - +0 cloak
rCorr  .         Reflect  .     y - +0 pair of gloves
SustAt .         Harm     .     (boots unavailable)
MR     .....                    (no amulet)
Stlth  +++.......               (no ring)
                                (no ring)

@: repel missiles, not resistant to hostile enchantments, fairly stealthy
A: beak, talons 3, able to fly 1
a: Fly


You were on level 4 of the Dungeon.
You were not hungry.

You visited 1 branch of the dungeon, and saw 4 of its levels.

You collected 179 gold pieces.

Inventory:

Hand Weapons
 f - a +0 spear (weapon)
Missiles
 g - 52 arrows
Armour
 a - a +0 robe (worn)
 t - a +0 cloak (worn)
 y - a +0 pair of gloves (worn)
Jewellery
 k - an uncursed ring of protection from fire {unknown}
 r - a cursed ring of loudness {unknown}
Scrolls
 e - 5 scrolls of remove curse {unknown}
 i - 4 scrolls of teleportation {unknown}
 j - a scroll of fog {unknown}
 l - 3 scrolls of magic mapping {unknown}
 m - 2 scrolls of enchant weapon {unknown}
 p - 2 scrolls of recharging {unknown}
 s - 2 scrolls of immolation {unknown}
 w - 2 scrolls of identify {unknown}
 x - a scroll of fear {unknown}
Potions
 h - 2 potions of agility {unknown}
 u - a potion of mutation {unknown}
 z - a potion of curing {unknown}
Books
 b - a book of Air

   Spells                             Type                      Level
   a - Shock                          Conjuration/Air              1
   b - Swiftness                      Charms/Air                   2
   c - Repel Missiles                 Charms/Air                   2
   d - Static Discharge               Conjuration/Air              3
   e - Lightning Bolt                 Conjuration/Air              5
Comestibles
 c - a bread ration
 d - 2 meat rations
 n - a royal jelly
 o - 5 chunks of flesh
 q - 3 fruits
 v - 2 beef jerkies


   Skills:
 + Level 1.0 Fighting
 + Level 1.0 Polearms
 + Level 3.4 Dodging
 + Level 4.0 Stealth
 + Level 2.6 Spellcasting
 + Level 2.3 Conjurations
 + Level 4.9 Air Magic


You had 3 spell levels left.
You knew the following spells:

 Your Spells              Type           Power        Failure   Level  Hunger
a - Shock                 Conj/Air       ##..         4%          1    #......
b - Repel Missiles        Chrm/Air       ##....       12%         2    ##.....
c - Static Discharge      Conj/Air       ##......     14%         3    ###....


Dungeon Overview and Level Annotations

Branches:
Dungeon (4/15)
 Temple: D:4-7

Altars:
Elyvilon
Fedhas
Nemelex Xobeh

Annotations:
D:3 Typee's ghost, amateur OpCj


Innate Abilities, Weirdness & Mutations

You have a beak for a mouth.
You have claws for feet.
You can fly.


Message History

Aim: a scorpion (lightly wounded)
The zap misses the scorpion.
Casting: Shock
Confirm with . or Enter, or press ? or * to list all spells.
The scorpion is struck by lightning.
The scorpion is moderately wounded.
The lightning grounds out.
The phantom is struck by lightning.
The phantom is moderately damaged.
The lightning grounds out.
The phantom hits you. The scorpion barely misses you.
Casting: Static Discharge
Confirm with . or Enter, or press ? or * to list all spells.
The phantom is struck by lightning.
The phantom is heavily damaged.
The lightning arcs!
You are struck by lightning.
* * * LOW HITPOINT WARNING * * *
The lightning arcs!
The scorpion is struck by lightning.
The scorpion is heavily wounded.
The lightning grounds out.
The phantom hits you!
You die...

.. #.. #.# #
#.############.#
##.##<.........#
#...#W#####..##..#
#...#@#####..##..#
#...#s##.........#
#...#.##.##..#...#
#..h#.##.##..#...#
####...#............#
#.....).......(.####.#.#
.W..............# ....
#.....s.........# #.#
#######...####### ..


You could see a phantom and a scorpion.

Vanquished Creatures
  A howler monkey (D:4)
  Ijyb (D:2)
  Natasha (D:3)
  A gnoll (D:1)
  5 adders
  3 worms
  A dart slug (D:1)
  2 giant geckos
  An orc (D:4)
  A ball python (D:1)
  5 giant cockroaches
  6 goblins
  7 hobgoblins
  3 jackals (D:2)
  6 kobolds
  2 quokkas (D:2)
  6 bats
  A giant newt (D:3)
  8 rats
61 creatures vanquished.

Vanquished Creatures (others)
  A giant cockroach (D:3)
1 creature vanquished.

Grand Total: 62 creatures vanquished

Notes
Turn   | Place    | Note
-------+----------+-------------------------------------------
     0 | D:1      | Gagarin the Tengu Air Elementalist began the quest for the Orb.
     0 | D:1      | Reached XP level 1. HP: 10/10 MP: 4/4
   301 | D:1      | Reached XP level 2. HP: 12/15 MP: 3/6
   626 | D:1      | Reached XP level 3. HP: 8/19 MP: 1/7
  1360 | D:2      | Noticed Ijyb
  1372 | D:2      | Killed Ijyb
  1461 | D:2      | Reached XP level 4. HP: 24/24 MP: 8/8
  1526 | D:2      | Learned a level 2 spell: Repel Missiles
  1530 | D:2      | Learned a level 3 spell: Static Discharge
  1670 | D:2      | Found a blossoming altar of Fedhas.
  2072 | D:2      | Found a sparkling altar of Nemelex Xobeh.
  2548 | D:3      | Noticed Natasha
  2554 | D:3      | Killed Natasha
  2554 | D:3      | Gained mutation: You can fly. [Tengu growth]
  2554 | D:3      | Reached XP level 5. HP: 21/28 MP: 1/9
  2775 | D:3      | Found a white marble altar of Elyvilon.
  2776 | D:3      | Noticed Typee's ghost (amateur OpCj)
  3308 | D:3      | Reached skill level 1 in Fighting
  3339 | D:4      | Noticed a phantom
  3364 | D:4      | Reached skill level 1 in Polearms
  3403 | D:4      | Slain by a phantom

Vault maps used:
D:1:      kennysheep_arrival_forest, supply_closet_lemuel
D:2:      fedhas_altar_fruit_tree, nrook_mini_backslash,
          minmay_tree_intersection, nemelex_xobeh_ov_fountains_minmay, uniq_iyjb
D:3:      elyvilon_altar_5, feat_on_display, uniq_natasha
D:4:      grunt_gozag_statues, eat_drink_and_be_merry_uskayaw,
          portal_sewer_entry_f

Skill      XL: |  1  2  3  4  5 |
---------------+----------------+-----
Conjurations   | 2 |  2.3
Dodging        | 3 |  3.4
Stealth        | 3 4 |  4.0
Fighting       | 1 |  1.0
Polearms       | 1 |  1.0
Spellcasting   | |  2.6
Air Magic      | |  4.9

Action                   |  1- 3 |  4- 6 || total
-------------------------+-------+-------++-------
Melee: Spear             |    40 |   116 ||   156
       Kick              |     4 |    15 ||    19
       Peck              |     2 |    10 ||    12
 Cast: Shock             |    20 |    41 ||    61
       Repel Missiles    |       |     1 ||     1
       Static Discharge  |       |     3 ||     3
 Stab: Sleeping          |     5 |    13 ||    18
       Distracted        |       |     2 ||     2
  Eat: Chunk             |     2 |     7 ||     9
Armor: Robe              |     9 |    17 ||    26
Dodge: Dodged            |    25 |    80 ||   105
